 Dungeon Crawl Stone Soup version 0.17.0-9-g801d43b (webtiles) character file.

2836 xeno23 the Zephyrmancer (level 9, 0/53 HPs)
             Began as a Tengu Air Elementalist on Nov 10, 2015.
             Was an Initiate of Vehumet.
             Slain by a white ugly thing (10 damage)
             ... on level 8 of the Dungeon.
             The game lasted 00:39:42 (6360 turns).

xeno23 the Zephyrmancer (Tengu Air Elementalist)    Turns: 6360, Time: 00:39:42

Health: 0/53       AC:  9    Str: 10    XL:     9   Next: 74%
Magic:  12/18      EV: 17    Int: 18    God:    Vehumet [......]
Gold:   345        SH:  0    Dex: 14    Spells: 5 memorised, 6 levels left

rFire  . . .     SeeInvis .     L - +2 short sword (venom)
rCold  + . .     Clarity  .     o - +2 leather armour {rC+}
rNeg   . . .     SustAt   .     (no shield)
rPois  .         Gourm    .     (helmet restricted)
rElec  .         Spirit   .     (no cloak)
rCorr  .         Warding  .     (no gloves)
rMut   .         Stasis   .     (boots unavailable)
MR     .....                    (no amulet)
Stlth  ++........               w - ring of wizardry
                                l - +4 ring of protection

@: flying quickly and evasively, repel missiles, quick, not resistant to hostile
enchantments, unstealthy
A: beak, talons 3, able to fly 1
a: Renounce Religion


You were on level 8 of the Dungeon.
You worshipped Vehumet.
Vehumet was noncommittal.
You were hungry.

You visited 2 branches of the dungeon, and saw 9 of its levels.

You collected 345 gold pieces.

Inventory:

Hand Weapons
 m - a +2 spear of freezing
 L - a +2 short sword of venom (weapon)
Missiles
 I - 12 poisoned needles
Armour
 o - a +2 leather armour of cold resistance (worn)
Jewellery
 a - a +3 ring of strength
 k - an uncursed amulet of guardian spirit
 l - a +4 ring of protection (left hand)
 w - a ring of wizardry (right hand)
 y - an uncursed ring of poison resistance
 A - an uncursed ring of sustain attributes
Wands
 v - a wand of cold (11)
 J - a wand of polymorph (6)
 N - a wand of confusion (21)
Scrolls
 d - a scroll of teleportation
 e - 2 scrolls of noise {unknown}
 g - 3 scrolls of fear
 j - 3 scrolls of amnesia
 p - a scroll of enchant weapon
 q - a scroll of magic mapping {unknown}
 r - 3 scrolls of recharging
 s - a scroll of remove curse
 x - a scroll of vulnerability {unknown}
 B - 2 scrolls of fog
 E - 2 scrolls of blinking
 G - 2 scrolls of immolation
 O - a scroll of summoning {unknown}
Potions
 f - a potion of resistance {unknown}
 h - a potion of might
 t - a potion of invisibility
 z - 3 potions of haste
 C - 2 potions of cure mutation
 D - a potion of mutation
 F - a potion of cancellation {unknown}
 H - 3 potions of curing
 K - a potion of agility {unknown}
Books
 b - a book of Air

   Spells                             Type                      Level
   a - Shock                          Conjuration/Air              1
   b - Swiftness                      Charms/Air                   2
   c - Repel Missiles                 Charms/Air                   2
   d - Static Discharge               Conjuration/Air              3
   e - Lightning Bolt                 Conjuration/Air              5
Comestibles
 c - 4 bread rations
 i - 5 slices of pizza
 n - 9 fruits
 u - a beef jerky


   Skills:
 * Level 4.8 Fighting
 * Level 6.0 Dodging
 - Level 2.0 Stealth
 + Level 5.9 Spellcasting
 + Level 8.4 Conjurations
 + Level 9.4 Air Magic


You had 6 spell levels left.
You knew the following spells:

 Your Spells              Type           Power        Failure   Level  Hunger
a - Shock                 Conj/Air       ####         1%          1    None
b - Swiftness             Chrm/Air       ###.....     1%          2    None
q - Static Discharge      Conj/Air       #####...     1%          3    ##.....
r - Repel Missiles        Chrm/Air       ###...       1%          2    None
w - Lightning Bolt        Conj/Air       #####.....   6%          5    #####..


Dungeon Overview and Level Annotations

Branches:
Dungeon (8/15)             Temple (1/1) D:7
   Lair: D:8-11

Altars:
Ashenzari
Cheibriados
Elyvilon
Fedhas
Gozag
Kikubaaqudgha
Makhleb
Nemelex Xobeh
Okawaru
Qazlal
Ru
Sif Muna
Trog
Vehumet
Zin
The Shining One

Shops:
D:5 }   D:6 }

Annotations:
D:5 HaroldButt's ghost, novice MiEn
D:8 Sheev's ghost, novice FoHu


Innate Abilities, Weirdness & Mutations

You have a beak for a mouth.
You have claws for feet.
You can fly.


Message History

The white ugly thing is moderately wounded.
The lightning arcs!
You are struck by lightning.
The lightning arcs!
The white ugly thing is struck by lightning.
The white ugly thing is moderately wounded.
The lightning grounds out.
The white ugly thing gores you! The white ugly thing freezes you! You resist.
You take 19 damage.
You see here an adder skeleton.
You see here 4 arrows.
The white ugly thing gores you!
* * * LOW HITPOINT WARNING * * *
The white ugly thing freezes you! You resist.
* * * LOW HITPOINT WARNING * * *
You take 20 damage.
Press: ? - help, v - describe, . - travel
Here: a white ugly thing (lightly wounded)
The floor.
Drink which item? (? for menu, Esc to quit)
You feel better. The white ugly thing gores you!
You die...

#..........u.(((.
#.####......###.#
#.####......###..
#....##......###.
####รท##.##.###### '
#(.(>..).......#
##.#####....#####
#..u...#######
#...@..###....
#.###..#<..#
#..........# ##
#######)..###### .#
#......#....#.. ..
#.##..)#.##.#.####..
#.####.#.##.#.#...#.
#...........#.#.#.#.
######.##..#..#..<#.#.


You could see a white ugly thing.

Vanquished Creatures
  A two-headed ogre (D:7)
  An ice beast (D:5)
  3 phantoms
  2 centaurs
  A black bear (D:6)
  3 ogres
  2 orc warriors
  5 giant frogs
  2 scorpions
  A killer bee (D:7)
  5 wights (D:7)
  A jelly (D:6)
  3 vampire bats (D:3)
  A giant frog zombie (D:6)
  A centaur zombie (D:5)
  A crimson imp (D:6)
  An orc wizard (D:7)
  4 hounds
  2 giant frog skeletons
  A quasit (D:8)
  4 worker ants
  3 orc priests
  2 iguanas (D:6)
  2 hound skeletons
  6 adders
  2 oozes
  3 worms
  An adder skeleton (D:4)
  An adder zombie (D:5)
  2 giant geckos
  15 orcs
  4 bat zombies (D:2)
  5 hobgoblins
  9 jackals
  3 kobolds
  A quokka (D:4)
  A ball python (D:6)
  9 bats
  7 giant cockroaches
  A giant cockroach zombie (D:5)
  A giant gecko zombie (D:5)
  5 giant newts
  8 goblins
  A quokka zombie (D:8)
  3 rats (D:1)
  A spectral orc (D:8)
141 creatures vanquished.

Notes
Turn   | Place    | Note
--------------------------------------------------------------
     0 | D:1      | xeno23 the Tengu Air Elementalist began the quest for the Orb.
     0 | D:1      | Reached XP level 1. HP: 10/10 MP: 4/4
    79 | D:1      | Reached XP level 2. HP: 9/15 MP: 1/6
   632 | D:2      | Found a sparkling altar of Nemelex Xobeh.
   786 | D:2      | Reached XP level 3. HP: 12/19 MP: 4/7
   842 | D:2      | Found an ancient bone altar of Kikubaaqudgha.
   896 | D:2      | Found a sacrificial altar of Ru.
  1368 | D:3      | Reached skill level 5 in Air Magic
  1445 | D:3      | Reached XP level 4. HP: 12/24 MP: 4/8
  1632 | D:3      | Gained mutation: You can fly. [Tengu growth]
  1632 | D:3      | Reached XP level 5. HP: 21/28 MP: 3/10
  1666 | D:3      | Learned a level 3 spell: Static Discharge
  1847 | D:3      | Found a bloodstained altar of Trog.
  1897 | D:3      | Found an opulent altar of Gozag.
  2092 | D:4      | Noticed a phantom
  2196 | D:4      | Reached skill level 6 in Air Magic
  2196 | D:4      | Killed a phantom
  2196 | D:4      | Reached XP level 6. HP: 30/32 MP: 2/12
  2370 | D:4      | Reached skill level 5 in Conjurations
  2576 | D:5      | Entered Level 5 of the Dungeon
  2597 | D:5      | Noticed HaroldButt's ghost (novice MiEn)
  2607 | D:5      | Reached XP level 7. HP: 31/36 MP: 4/14
  3015 | D:6      | Reached skill level 7 in Air Magic
  3213 | D:6      | Learned a level 5 spell: Lightning Bolt
  3216 | D:6      | Learned a level 2 spell: Repel Missiles
  3219 | D:6      | Learned a level 2 spell: Swiftness
  3363 | D:6      | Reached XP level 8. HP: 31/41 MP: 6/16
  3365 | D:6      | Found a white marble altar of Elyvilon.
  3511 | D:6      | Reached skill level 5 in Spellcasting
  3511 | D:6      | Reached skill level 8 in Air Magic
  3529 | D:6      | Found Aclunum's Gadget Shoppe.
  3718 | D:6      | You fall through a shaft for 2 floors!
  3719 | D:8      | Noticed a white ugly thing
  3726 | D:8      | Noticed Sheev's ghost (novice FoHu)
  3837 | D:8      | Reached skill level 1 in Fighting
  4023 | D:5      | Found Hishyara's Quality Used Wands.
  4440 | D:5      | Found an iron altar of Okawaru.
  4441 | D:5      | Found a burning altar of Makhleb.
  5133 | D:7      | Reached XP level 9. HP: 42/51 MP: 0/18
  5417 | D:7      | Found a staircase to the Ecumenical Temple.
  5424 | D:7      | Noticed a two-headed ogre
  5434 | D:7      | Killed a two-headed ogre
  5434 | D:7      | Reached skill level 5 in Dodging
  5434 | D:7      | Reached skill level 9 in Air Magic
  5550 | Temple   | Entered the Ecumenical Temple
  5590 | Temple   | Became a worshipper of Vehumet
  6357 | D:8      | HP: 2/53 [white ugly thing (12)]
  6360 | D:8      | Slain by a white ugly thing

Action                   |  1- 3 |  4- 6 |  7- 9 || total
-------------------------+-------+-------+-------++-------
Melee: Unarmed           |     9 |       |       ||     9
       Spear             |    48 |    40 |    75 ||   163
       Short sword       |       |       |     5 ||     5
 Cast: Shock             |    42 |    56 |   135 ||   233
       Static Discharge  |       |     7 |    59 ||    66
       Repel Missiles    |       |       |     2 ||     2
 Abil: Fly               |       |       |     7 ||     7
Evoke: Wand              |       |       |     2 ||     2
  Use: Scroll            |       |       |    20 ||    20
       Potion            |       |       |     5 ||     5
 Stab: Sleeping          |     1 |     2 |     2 ||     5
  Eat: Chunk             |     2 |     4 |    11 ||    17
       Meat ration       |       |       |     1 ||     1
